 Dungeon Crawl Stone Soup version 0.31-a0-1008-g5b978da (webtiles) character file.

Game seed: 34917455707323020

8 Partyfoot the Trooper (level 2, 24/24 HPs)
             Began as a Demonspawn Fighter on Nov 12, 2023.
             Quit the game on level 1 of the Dungeon.
             The game lasted 00:01:28 (304 turns).

Partyfoot the Trooper (Demonspawn Fighter)           Turns: 304, Time: 00:01:29

Health: 24/24      AC: 11    Str: 16    XL:     2   Next: 0%
Magic:  2/2        EV:  4    Int:  9    God:
Gold:   9          SH:  4    Dex: 12    Spells: 1/1 levels left

rFire   . . .        a - +0 flail
rCold   . . .        c - +0 buckler
rNeg    . . .        f - +0 plate armour
rPois   .            (no helmet)
rElec   .            (no cloak)
rCorr   .            (no gloves)
SInv    .            (no boots)
Will    .....        (no amulet) Stlth
                     (no ring)
HPRegen 0.24/turn    (no ring)
MPRegen 0.08/turn

%: no passive effects
@: no status effects
A: demonic touch 1
a: no special abilities


You were on level 1 of the Dungeon.
You visited 1 branch of the dungeon, and saw 1 of its levels.

You collected 9 gold pieces.

Inventory:

Hand Weapons
 a - a +0 flail (weapon)
Armour
 c - a +0 buckler (worn)
 f - a +0 plate armour (worn)
Jewellery
 h - a ring of fire
Scrolls
 e - a scroll of fog {unknown}
 i - a scroll of enchant weapon {unknown}
Potions
 b - a potion of invisibility {unknown}
 d - a potion of might
 g - a potion of resistance {unknown}


   Skills:
 + Level 3.2 Fighting
 + Level 2.0 Maces & Flails
 - Level 2.6 Armour
 + Level 2.9 Shields


You had one spell level left.
You didn't know any spells.
Your spell library was empty.

Dungeon Overview and Level Annotations

Branches:
Dungeon (1/15)

Altars:


Innate Abilities, Weirdness & Mutations

Your touch may inflict minor irresistible damage on your foes.


Message History

Found a ring mail.
A bat comes into view.
A bat is nearby!
Found a scroll labelled PEBEFU DYISI.
The bat hits you but does no damage. x2
You barely miss the bat. The bat hits you but does no damage. x2
You barely miss the bat. The bat hits you but does no damage. x2
You hit the bat.
You kill the bat!
No target in view!
A giant cockroach comes into view.
You see here a scroll labelled PEBEFU DYISI.
You hit the giant cockroach.
You kill the giant cockroach!
Your Maces & Flails skill increases to level 2!
No target in view!
i - a scroll labelled PEBEFU DYISI You see here a giant cockroach corpse.
A hobgoblin comes into view.
Found a stone staircase leading down.
The hobgoblin hits you.
You hit the hobgoblin.
The hobgoblin is heavily wounded.
The hobgoblin hits you but does no damage.
You hit the hobgoblin.
You kill the hobgoblin!
You have reached level 2!
Your demonic ancestry asserts itself...
Your hands begin to faintly glow with unholy energy.
No target in view!
There is a stone staircase leading down here.
A hobgoblin comes into view.
The hobgoblin shouts!
The hobgoblin hits you but does no damage.
You hit the hobgoblin.
The hobgoblin is heavily wounded.
A bat comes into view.
The hobgoblin hits you but does no damage.
The hobgoblin barely misses you.
Unknown command.
Are you sure you want to abandon this character and quit the game? (Confirm with "yes".)

## ########## b ..
##......... #.##
.#####...####### #....
.......#....#
.....#####.###...##.#
#.##......#...####.###.#
###.##......#........# #>##
.... #g@.###.#..# #..#
#.########### #.#..# ##.#
#..~~8~~..#####.#[.# #.#
#...~~~......##.#..# #.#
#.#.....##.#.##.#..####.###
#..####....#............>..
##†#.#..#.#####........#.###
#...#..#....#...#.##...#.#
##.....#.##.#.#.#.##...#.##


You could see a hobgoblin and a bat (wandering).

Vanquished Creatures
  An endoplasm (D:1)
  A giant cockroach (D:1)
  A hobgoblin (D:1)
  2 quokkas (D:1)
  A bat (D:1)
  A rat (D:1)
7 creatures vanquished.

Notes
Turn   | Place    | Note
-------+----------+-------------------------------------------
     0 | D:1      | Partyfoot the Demonspawn Fighter began the quest for the
                  | Orb.
     0 | D:1      | Reached XP level 1. HP: 18/18 MP: 1/1
   264 | D:1      | Gained mutation: Your touch may inflict minor irresistible
                  | damage on your foes. [demonic ancestry]
   264 | D:1      | Reached XP level 2. HP: 21/24 MP: 2/2
   304 | D:1      | Quit the game

Illustrated notes

Levels and vault maps discovered:
D:1:      giann_bridges, layout_loops_ring, moated_statue

Skill      XL: |  1 |
---------------+----+-----
Maces & Flails | 2 |  2.0
Fighting       | |  3.2
Armour         | |  2.6
Shields        | |  2.9

Action                     || total
---------------------------++-------
  Melee: Flail             ||    18
 Armour: Plate armour      ||    20
  Dodge: Dodged            ||     1

Table legend: (Time is in decaauts)
 A = Elapsed time spent in this place.
 B = Non-inter-level travel time spent in this place.
 C = Inter-level travel time spent in this place.
 D = Time resting spent in this place.
 E = Time spent auto-exploring this place.
 F = Levels seen in this place.
 G = Mean time per level.
                   A        B        C        D        E       F      G
               +--------+--------+--------+--------+--------+-----+--------+
         Total |    310 |    310 |      0 |     34 |    202 |   1 |  310.0 |
       Dungeon |    310 |    310 |      0 |     34 |    202 |   1 |  310.0 |
               +--------+--------+--------+--------+--------+-----+--------+

Top non-repeatable levels by time:
     D:1: 310 daAuts
